 Dungeon Crawl Stone Soup version 0.25-a0-942-g87a53962fc (webtiles) character file.

Game seed: 13401766821138221791, levelgen mode: deterministic

16595 kae the Spear-Bearer (level 12, 0/92 HPs)
             Began as a Merfolk Ice Elementalist on May 6, 2020.
             Was a High Priest of Okawaru.
             Slain by an ice devil (2 damage)
             ... summoned by an obsidian statue
             ... in a volcano.
             The game lasted 00:21:47 (19349 turns).

kae the Spear-Bearer (Merfolk Ice Elementalist)    Turns: 19349, Time: 00:21:48

Health: 0/92       AC:  0    Str: 14      XL:     12   Next: 39%
Magic:  18/23      EV: 29    Int: 17      God:    Okawaru [*****.]
Gold:   825        SH:  0    Dex:  4 (14) Spells: 7/26 levels left

rFire    + + .     SeeInvis .   q - +1 trident (flame)
rCold    x . .     Gourm    .   (no shield)
rNeg     . . .     Faith    .   a - +0 robe
rPois    .         Spirit   .   j - +2 helmet {Int+3}
rElec    .         Reflect  .   J - +2 cloak
rCorr    .         Harm     .   b - +0 pair of gloves
MR       .....                  (no boots)
Stlth    +++.......             M - amulet of the acrobat
HPRegen  0.25/turn              f - ring of fire
MPRegen  0.18/turn              I - ring of protection from fire

@: heroism, corroded, berserk cooldown, acrobat, slowed, very slow
A: change form in water, swift swim, stealthy swim
a: Heroism, Finesse, Renounce Religion


You were in a volcano.
You worshipped Okawaru.
Okawaru was extremely pleased with you.
You were not hungry.

You visited 3 branches of the dungeon, and saw 14 of its levels.
You also visited: Volcano.

You collected 825 gold pieces.

Inventory:

Hand Weapons
 g - a +1 halberd
 q - a +1 trident of flaming (weapon)
Armour
 a - a +0 robe (worn)
 b - a +0 pair of gloves (worn)
 j - a +2 helmet of intelligence (worn)
 J - a +2 cloak (worn)
 N - the +0 tower shield "Yqioxut" {rPois MR- Int+4}
   (You found it on level 1 of the Lair of Beasts)

   It affects your intelligence (+4).
   It protects you from poison.
   It affects your resistance to hostile enchantments.
Jewellery
 f - a ring of fire (left hand)
 n - a +5 ring of slaying
 s - an uncursed ring of wizardry
 w - an uncursed ring of see invisible
 x - a +3 amulet of reflection
 F - an uncursed ring of poison resistance
 G - an uncursed ring of wizardry
 I - a ring of protection from fire (right hand)
 K - a +2 ring of evasion
 L - an uncursed ring of protection from cold
 M - an amulet of the acrobat (around neck)
Wands
 m - a wand of paralysis (15)
 v - a wand of flame (31)
 z - a wand of acid (29)
 C - a wand of polymorph (8)
 E - a wand of random effects (16)
 O - a wand of scattershot (6)
Scrolls
 p - 4 scrolls of remove curse
 t - a scroll of fog
 D - 3 scrolls of noise
Potions
 d - 2 potions of lignification
 e - 3 potions of degeneration
 h - 4 potions of flight
 i - 2 potions of heal wounds
 k - 6 potions of brilliance
 l - 2 potions of curing
 o - 3 potions of might
 r - 2 potions of cancellation
 u - 2 potions of ambrosia
 A - a potion of mutation
Comestibles
 c - 34 rations


   Skills:
 - Level 8.0(13.0) Fighting
 + Level 14.6(19.6) Polearms
 - Level 5.0(10.0) Armour
 - Level 8.0(13.0) Dodging
 - Level 2.1(7.1) Stealth
 - Level 7.6 Spellcasting
 - Level 10.0 Ice Magic
 - Level 5.0 Invocations


You had 7 spell levels left.
You knew the following spells:

 Your Spells              Type           Power        Failure   Level  Hunger
a - Freeze                Ice            ####         1%          1    None
b - Frozen Ramparts       Ice            #####.       1%          3    ##.....
c - Ozocubu's Armour      Chrm/Ice       ###.....     4%          3    ##.....
d - Hailstorm             Conj/Ice       ###.....     14%         4    ####...
e - Summon Ice Beast      Ice/Summ       ###.....     14%         4    ####...
f - Swiftness             Chrm/Air       #.......     17%         2    None
g - Blink                 Tloc           N/A          17%         2    None

Your spell library contained the following spells:

 Spells                   Type           Power        Failure   Level  Hunger
 Foxfire                  Conj/Fire      #...         11%         1    None
 Magic Dart               Conj           #...         11%         1    None
 Shock                    Conj/Air       #...         11%         1    None
 Call Imp                 Summ           #.......     17%         2    None
 Slow                     Hex            #.......     17%         2    None
 Confusing Touch          Hex            #.......     32%         3    ##.....
 Conjure Flame            Conj/Fire      #.......     32%         3    ##.....
 Gell's Gravitas          Tloc           #.........   32%         3    ##.....
 Inner Flame              Hex/Fire       #.......     32%         3    ##.....
 Mephitic Cloud           Conj/Pois/Air  #.......     32%         3    ##.....
 Static Discharge         Conj/Air       #.......     32%         3    ##.....
 Metabolic Englaciation   Hex/Ice        ###.......   36%         5    #####..
 Airstrike                Air            #.........   73%         4    ####...
 Petrify                  Tmut/Erth      #.......     73%         4    ####...
 Sticky Flame             Conj/Fire      #.......     73%         4    ####...
 Bolt of Magma            Conj/Fire/Erth #.........   97%         5    #####..
 Fireball                 Conj/Fire      #.........   97%         5    #####..
 Iskenderun's Battlesphe  Conj/Chrm      #.......     97%         5    #####..
 Lightning Bolt           Conj/Air       #.........   97%         5    #####..
 Yara's Violent Unravell  Hex/Tmut       #.........   97%         5    #####..
 Iron Shot                Conj/Erth      #.........   100%        6    #######
 Orb of Destruction       Conj           #.........   100%        7    #######
 Spellforged Servitor     Conj/Summ      #.........   100%        7    #######


Dungeon Overview and Level Annotations

Branches:
Dungeon (10/15)            Temple (1/1) D:4            Lair (3/6) D:9
  Snake (0/4) Lair:3      Volcano (1/1)
  Swamp: Lair:2-4    Shoals: Lair:2-4       Orc: D:9-12

Altars:
Ashenzari
Cheibriados
Dithmenos
Elyvilon
Fedhas
Gozag
Hepliaklqana
Kikubaaqudgha
Makhleb
Nemelex Xobeh
Okawaru
Qazlal
Ru
Sif Muna
Trog
Uskayaw
Vehumet
Wu Jian
Xom
Yredelemnul
Zin
The Shining One

Portals:
Trove: D:10 (give +7 demon blade)

Annotations:
D:5 2 transporters, incide's ghost, novice DsFi
D:9 exclusions: statue and troll Volcano exclusion: obsidian statue


Message History

You hit the rust devil.
The rust devil is almost dead.
The quasit barely misses you. x3; The ice devil hits you!
* * * LOW HITPOINT WARNING * * *
The ice devil freezes you!!
You feel a terrible chill!
* * * LOW HITPOINT WARNING * * *
The smoke demon barely misses you. The smoke demon closely misses you.
The smoke demon hits you.
* * * LOW HITPOINT WARNING * * *
The rust devil misses you.
You puncture the rust devil!
You kill the rust devil!
The quasit bites you.
* * * LOW HITPOINT WARNING * * *
The quasit completely misses you. The quasit misses you.
You are too berserk!
You are no longer berserk.
You are exhausted.
You feel yourself slow down. The ice devil hits you.
You die...

######### #$5@8..$#
#5435≈.$# ####
#$.....$# ##..####
#?[...[?# .......##
#[!...![# §§§.....###
#$)#.#)$#
≈§≈≈§....8#######'####
§§§≈§.....()(..45....#
§≈§§§....8####.......#


You could see an obsidian statue, an ice devil, a smoke demon, 2 quasits and a
shadow imp.

Vanquished Creatures
  A stone giant (Volcano)
  Erica (D:8)
  Pikel (D:6)
  A cyclops (D:9)
  Joseph (D:7)
  3 black mambas
  Maggie (D:8)
  A gargoyle (Volcano)
  2 komodo dragons
  An efreet (Volcano)
  Prince Ribbit (Lair:2)
  4 blink frogs (Lair:2)
  2 hippogriffs
  3 yaks (Lair:2)
  A basilisk (Lair:1)
  2 fire elementals (Volcano)
  8 fire bats (Volcano)
  2 hungry ghosts
  7 water moccasins
  8 porcupines
  2 slaves (D:6)
  6 ice beasts
  2 necrophages
  4 phantoms
  4 sky beasts
  A hornet zombie (D:9)
  4 ogres
  3 black bears (D:9)
  6 wolves (Lair:1)
  2 centaurs
  3 crocodiles
  A big kobold (D:7)
  Blork the orc (D:6)
  10 bullfrogs
  3 scorpions
  A wyvern skeleton (D:7)
  13 killer bees
  3 wights (D:9)
  2 howler monkeys
  6 crimson imps
  A centaur zombie (D:10)
  6 lava snakes (Volcano)
  5 hounds
  3 orc priests
  2 jellies
  8 orc wizards
  4 bullfrog zombies
  A gnoll shaman (D:7)
  2 centaur skeletons
  A bullfrog skeleton (D:7)
  2 iguanas
  9 worker ants
  A hound skeleton (D:8)
  13 adders
  10 gnolls
  A howler monkey skeleton (D:4)
  3 shadow imps
  An ooze (D:2)
  An adder skeleton (D:7)
  A worm (D:3)
  2 dart slugs (D:2)
  4 leopard geckos
  31 orcs
  5 giant cockroaches
  6 goblins
  4 hobgoblins
  20 jackals
  5 quokkas
  A ball python (D:1)
  5 bats
  4 frilled lizards
  9 kobolds
  2 quokka skeletons
  3 rats
304 creatures vanquished.

Vanquished Creatures (others)
  4 fungi (D:9)
  A plant (D:9)
5 creatures vanquished.

Grand Total: 309 creatures vanquished

Notes
Turn   | Place    | Note
-------+----------+-------------------------------------------
     0 | D:1      | kae the Merfolk Ice Elementalist began the quest for the
                  | Orb.
     0 | D:1      | Reached XP level 1. HP: 13/13 MP: 3/3
     2 | D:1      | Found a shattered altar of Ashenzari.
   642 | D:1      | Reached XP level 2. HP: 6/19 MP: 1/5
  1792 | D:2      | Reached skill level 5 in Ice Magic
  1792 | D:2      | Reached XP level 3. HP: 21/24 MP: 0/6
  1978 | D:2      | Reached XP level 4. HP: 30/30 MP: 2/8
  2755 | D:2      | Reached XP level 5. HP: 32/35 MP: 5/9
  3155 | D:3      | Found a faded altar of an unknown god.
  3207 | D:3      | Noticed a sky beast
  3217 | D:3      | Killed a sky beast
  3217 | D:3      | Reached XP level 6. HP: 13/41 MP: 4/11
  3646 | D:3      | Learned a level 3 spell: Frozen Ramparts
  3660 | D:3      | Found a shimmering altar of Xom.
  4325 | D:4      | Found a staircase to the Ecumenical Temple.
  4373 | Temple   | Entered the Ecumenical Temple
  4506 | Temple   | Became a worshipper of Warmaster Okawaru
  4531 | D:4      | Noticed a phantom
  4829 | D:4      | Reached skill level 1 in Polearms
  4829 | D:4      | Reached XP level 7. HP: 34/46 MP: 1/13
  5322 | D:4      | Reached * piety under Okawaru
  5322 | D:4      | Reached skill level 2 in Polearms
  6057 | D:5      | Entered Level 5 of the Dungeon
  6064 | D:5      | Reached skill level 3 in Polearms
  6266 | D:5      | Reached XP level 8. HP: 42/52 MP: 4/15
  6386 | D:5      | Reached skill level 4 in Polearms
  6569 | D:5      | Noticed incide's ghost (novice DsFi)
  6571 | D:5      | Found a transporter.
  6634 | D:5      | Learned a level 3 spell: Ozocubu's Armour
  6637 | D:5      | Found a transporter.
  6677 | D:5      | Reached skill level 5 in Spellcasting
  7059 | D:5      | Reached skill level 5 in Polearms
  7155 | D:5      | Found a sparkling altar of Nemelex Xobeh.
  7408 | D:6      | Learned a level 4 spell: Hailstorm
  7727 | D:6      | Reached skill level 6 in Polearms
  7727 | D:6      | Reached skill level 10 in Ice Magic
  8004 | D:6      | Noticed Pikel
  8027 | D:6      | Killed Pikel
  8027 | D:6      | Reached ** piety under Okawaru
  8027 | D:6      | Reached skill level 7 in Polearms
  8027 | D:6      | Reached XP level 9. HP: 43/57 MP: 4/18
  8251 | D:6      | Found a sparkling altar of Nemelex Xobeh.
  8251 | D:6      | Noticed Blork the orc
  8268 | D:6      | Killed Blork the orc
  8268 | D:6      | Reached skill level 8 in Polearms
  8517 | D:7      | Found a white marble altar of Elyvilon.
  8586 | D:7      | Reached *** piety under Okawaru
  8587 | D:7      | Reached skill level 9 in Polearms
  9010 | D:7      | Reached skill level 10 in Polearms
  9034 | D:7      | Found a bloodstained altar of Trog.
  9066 | D:7      | Reached skill level 1 in Invocations
  9075 | D:7      | Reached XP level 10. HP: 57/63 MP: 17/21
  9112 | D:7      | Noticed Joseph
  9135 | D:7      | Killed Joseph
  9135 | D:7      | Reached **** piety under Okawaru
  9504 | D:7      | Reached skill level 11 in Polearms
 10653 | D:8      | Noticed Erica
 10688 | D:8      | HP: 2/63 [Erica/+1 scimitar of flaming (9)]
 10691 | D:8      | Killed Erica
 10691 | D:8      | Reached skill level 12 in Polearms
 10691 | D:8      | Reached skill level 5 in Invocations
 11151 | D:8      | Noticed Maggie
 11165 | D:8      | Killed Maggie
 11165 | D:8      | Reached skill level 13 in Polearms
 12070 | D:9      | Found a radiant altar of Vehumet.
 12211 | D:9      | Reached skill level 14 in Polearms
 12254 | D:9      | Reached skill level 1 in Fighting
 12291 | D:9      | Reached ***** piety under Okawaru
 12295 | D:9      | Reached XP level 11. HP: 67/74 MP: 15/22
 12342 | D:9      | Found a staircase to the Lair.
 12358 | D:9      | Noticed a cyclops
 12379 | D:9      | Killed a cyclops
 12835 | D:9      | Reached skill level 5 in Fighting
 13161 | D:9      | Found a snail-covered altar of Cheibriados.
 14017 | D:10     | Entered Level 10 of the Dungeon
 14474 | D:10     | Found a portal to a secret trove of treasure.
 15173 | Lair:1   | Entered Level 1 of the Lair of Beasts
 15186 | Lair:1   | Learned a level 4 spell: Summon Ice Beast
 15189 | Lair:1   | Learned a level 2 spell: Swiftness
 15192 | Lair:1   | Learned a level 2 spell: Blink
 16114 | Lair:1   | Reached skill level 1 in Armour
 16375 | Lair:1   | Got a spiked tower shield
 16381 | Lair:1   | Identified the cursed +0 tower shield "Yqioxut" {rPois MR-
                  | Int+4} (You found it on level 1 of the Lair of Beasts)
 16718 | Lair:2   | Noticed Prince Ribbit
 16726 | Lair:2   | Killed Prince Ribbit
 16726 | Lair:2   | Reached skill level 5 in Dodging
 17881 | Lair:3   | Reached XP level 12. HP: 70/90 MP: 13/23
 17987 | Lair:3   | Found a dark tunnel.
 18029 | Volcano  | Entered a volcano
 18090 | Volcano  | Received a gift from Okawaru
 18558 | Volcano  | Noticed a stone giant
 18626 | Volcano  | Killed a stone giant
 18626 | Volcano  | Reached skill level 5 in Armour
 18875 | Volcano  | Found a burning altar of Makhleb.
 19347 | Volcano  | HP: 5/138 [smoke demon[an obsidian statue] (5)]
 19349 | Volcano  | Slain by an ice devil

Levels and vault maps discovered:
D:1:      psy_arrival_whirlpool, layout_basic, chequers_serial_rivers_large_b,
          ashenzari_altar_1
D:2:      layout_loops_ring
D:3:      layout_loops_ring, xom_teletrap_fun,
          chequers_ecumenical_altar_simple_redux, first_ration,
          chequers_mini_garden
D:4:      layout_loops_corners, minmay_temple_entry_mist
D:5:      lemuel_upstairs_altar, layout_basic, gammafunk_ghost_arena,
          nemelex_lonely_heart_becter
D:6:      layout_rooms, nemelex_xobeh_ov_fountains_minmay, uniq_pikel,
          uniq_blork_the_orc
D:7:      layout_loops_ring, bloody_trog, lemuel_doored_altar, uniq_joseph
D:8:      layout_basic, grunt_ogre_cave, uniq_maggie, uniq_erica
D:9:      layout_irregular_city, overflow_temple_1_default, vehumet_statue,
          due_lair_maze_entry_diamond, erik_orc_1, kennysheep_generic_room_9
D:10:     layout_stronghold, nicolae_trove_entry_crystal
Temple:   regret_index_temple_sphere_string
Lair:1:   layout_loops_ring, lemuel_fruit_tree
Lair:2:   layout_loops_ring, lemuel_fruit_fields, uniq_prince_ribbit2
Lair:3:   layout_regular_city, guppyfry_snake_entry_garden,
          nicolae_volcano_entry_two_sided, minmay_stone_trees_small,
          infiniplex_staircase_pool_2
Volcano:  volcano_grotto [vgs_statue_spotlight]

Skill      XL: |  1  2  3  4  5  6  7  8  9 10 11 12 |
---------------+-------------------------------------+-----
Ice Magic      | 5 6 7 8 10 | 10.0
Spellcasting   | 3 4 6 7 |  7.6
Polearms       | 1 3 7 10 14 | 14.6
Invocations    | 1 5 |  5.0
Fighting       | 2 8 |  8.0
Dodging        | 6 8 |  8.0
Armour         | 3 5 |  5.0
Stealth        | |  2.1

Action                   |  1- 3 |  4- 6 |  7- 9 | 10-12 || total
-------------------------+-------+-------+-------+-------++-------
Melee: Unarmed           |    27 |       |       |       ||    27
       Halberd           |     5 |    83 |       |       ||    88
       Trident           |       |    13 |   245 |   440 ||   698
       Punch             |       |       |     1 |     1 ||     2
 Cast: Freeze            |    29 |    70 |   120 |   258 ||   477
       Ozocubu's Armour  |       |       |     3 |     4 ||     7
       Frozen Ramparts   |       |       |     7 |    16 ||    23
Invok: Heroism           |       |       |     8 |    10 ||    18
       Finesse           |       |       |       |     1 ||     1
Evoke: Wand              |       |       |       |    12 ||    12
  Use: Scroll            |     3 |     4 |     5 |    21 ||    33
       Potion            |       |     1 |       |     5 ||     6
 Stab: Sleeping          |     2 |     4 |     4 |    12 ||    22
       Distracted        |       |       |     1 |     2 ||     3
  Eat: Chunk             |     4 |     8 |     9 |    21 ||    42
       Ration            |       |       |     2 |     4 ||     6
Armor: Robe              |     7 |    41 |    74 |   139 ||   261
Dodge: Dodged            |    48 |    83 |   201 |   417 ||   749

Table legend:
 A = Non-vault XP
 B = Vault XP
 C = Vault XP percentage of total XP
 D = Non-vault monster count
 E = Vault monster count
 F = Vault count percentage of total count
                 A         B        C        D         E       F
            +---------+---------+-------+---------+---------+-------
      Total |   14053 |    9655 |  40.7 |     261 |      41 |  13.6
            +---------+---------+-------+---------+---------+-------
        D:1 |      19 |       0 |   0.0 |      12 |       0 |   0.0
        D:2 |     163 |       0 |   0.0 |      19 |       0 |   0.0
        D:3 |     201 |       0 |   0.0 |      30 |       0 |   0.0
        D:4 |     597 |       0 |   0.0 |      26 |       0 |   0.0
        D:5 |     859 |       0 |   0.0 |      24 |       0 |   0.0
        D:6 |     604 |     720 |  54.4 |      19 |       2 |   9.5
        D:7 |    2011 |     460 |  18.6 |      43 |       1 |   2.3
        D:8 |    1229 |    1433 |  53.8 |      22 |       3 |  12.0
        D:9 |    1871 |    1309 |  41.2 |      24 |      11 |  31.4
       D:10 |     854 |       0 |   0.0 |      12 |       0 |   0.0
     Lair:1 |    2495 |       0 |   0.0 |      15 |       0 |   0.0
     Lair:2 |    1926 |    1339 |  41.0 |      10 |       5 |  33.3
     Lair:3 |    1224 |       0 |   0.0 |       5 |       0 |   0.0
    Volcano |       0 |    4394 | 100.0 |       0 |      19 | 100.0
            +---------+---------+-------+---------+---------+-------
